[Event "Early-Titled-Tuesday-Blitz-July-09-2024"]
[Site "Chess.com"]
[Date "2024.07.09"]
[Round "5"]
[White "MatthewG-p4p"]
[Black "Crazy_girl99"]
[Result "1-0"]
[WhiteElo "2915"]
[BlackElo "2630"]
[TimeControl "180+1"]
[EndTime "8:57:03 PDT"]
[Termination "MatthewG-p4p won by checkmate"]

1. e4 e5 2. Nf3 Nc6 3. d4 exd4 4. c3 d5 5. exd5 Qxd5 6. cxd4 Bb4+ 7. Nc3 Bg4 8. Be2 Nge7 9. O-O Bxc3 10. bxc3 O-O 11. h3 Bh5 12. Re1 Rad8 13. c4 Qd7 14. d5 Nb4 15.
Ba3 a5 16. Bxb4 axb4 17. Ne5 Bxe2 18. Nxd7 Bxd1 19. Nxf8 Kxf8 20. Raxd1 b6 21. Rb1 Ra8 22. Rxb4 Nc8 23. Re2 Nd6 24. Rc2 Ra5 25. f3 Ke7 26.
Kf2 Kd7 27. g4 Nb7 28. Rb3 Nc5 29. Re3 g6 30. Rce2 Kd6 31. Re7 Nd3+ 32. Kg3 f5 33. gxf5 gxf5 34. R2e6+ Kc5 35. Rxc7+ Kd4 36. d6 f4+ 37. Kh4 Ne5 38. Rxe5 Kxe5 39. d7 Rxa2 40. d8=Q Rg2 41. Re7+ Kf5 42. Qf8+ Kg6 43. Qg7+ Kf5 44. Re5# 1-0

[Event "Early-Titled-Tuesday-Blitz-July-09-2024"]
[Site "Chess.com"]
[Date "2024.07.09"]
[Round "5"]
[White "theoneandonlydaaevik"]
[Black "shimastream"]
[Result "0-1"]
[WhiteElo "2630"]
[BlackElo "2902"]
[TimeControl "180+1"]
[EndTime "8:57:03 PDT"]
[Termination "shimastream won on time"]

1. Nf3 d5 2. g3 Nd7 3. Bg2 e5 4. O-O Ngf6 5. d4 e4 6. Ne5 Bd6 7. c4 c6 8. Nxd7 Bxd7 9. Nc3 h6 10. cxd5 cxd5 11. f3 exf3 12. Bxf3 Bc6 13. Qd3 O-O 14.
Bd2 Qe7 15. Rae1 Ne4 16. Bg2 f5 17. Bf4 Bb4 18. Be5 a6 19. Bxe4 fxe4 20. Qe3 Qe6 21. Rc1 Be7 22. b3 Bg5 23. Bf4 Bf6 24. Qd2 Rac8 25. e3 Rfd8 26. Ne2 Bb5 27. a4 Bd3 28. Rxc8 Rxc8 29. Rc1 Rf8 30. Rc7 g5 31. Be5 Bxe5 32. dxe5 Qxe5 33. Qc3 d4 34. Nxd4 Qf6 0-1

[Event "Early-Titled-Tuesday-Blitz-July-09-2024"]
[Site "Chess.com"]
[Date "2024.07.09"]
[Round "5"]
[White "lindsay790"]
[Black "talaicito"]
[Result "0-1"]
[WhiteElo "2123"]
[BlackElo "2341"]
[TimeControl "180+1"]
[EndTime "8:57:03 PDT"]
[Termination "talaicito won by resignation"]

1. e4 c5 2. Nf3 d6 3. d4 cxd4 4.
Nxd4 Nf6 5. Nc3 g6 6. f3 Bg7 7. Be3 O-O 8. Qd2 Nc6 9. Bc4 Bd7 10. O-O-O Rc8 11. Bb3 Nxd4 12. Bxd4 b5 13. g4 a5 14.
a4 bxa4 15. Nxa4 Bxa4 16. Bxa4 Rc4 17. Bb3 Nxe4 18. Qe3 Rxd4 19. Rxd4 Bxd4 20. Qxd4 Nc5 21. Bc4 Qb6 22. Kb1 Rb8 23. h4 e5 24. Qc3 Na4 25. Qb3 Qxb3 26. cxb3 Nc5 27. h5 Nxb3 28. hxg6 Nd2+ 29. Kc2 Nxc4 30. gxf7+ Kg7 31. Rh5 Rf8 32. Kc3 d5 33. f4 exf4 34. Rxd5 Ne3 35. Rxa5 Rxf7 36.
Kd3 f3 37. Kxe3 f2 38. Rf5 Rxf5 39. gxf5 f1=Q 0-1

[Event "Early-Titled-Tuesday-Blitz-July-09-2024"]
[Site "Chess.com"]
[Date "2024.07.09"]
[Round "5"]
[White "ural58"]
[Black "Resignify"]
[Result "1-0"]
[WhiteElo "2419"]
[BlackElo "2267"]
[TimeControl "180+1"]
[EndTime "8:57:04 PDT"]
[Termination "ural58 won on time"]

1. e4 d6 2. d4 Nf6 3. Nc3 g6 4.
h4 Bg7 5. h5 Nxh5 6. g4 Nf6 7.
g5 Ng8 8. Be3 Nd7 9. Qd2 b6 10. a4 Bb7 11. a5 bxa5 12. Bb5 e6 13. Nge2 Ne7 14. f4 Kf8 15. O-O-O Nb6 16. Rhf1 d5 17. f5 exf5 18. exf5 Nxf5 19. Rxf5 gxf5 20.
Rf1 Bc8 21. Ng3 Rb8 22. Nxf5 Bxf5 23. Rxf5 Qd6 24. Qf2 Qe6 25. b3 c6 26. Bd3 Re8 27.
Bd2 Kg8 28. Rf6 Qd7 29. Ne2 Re7 30. Ng3 Bxf6 31. gxf6 Kf8 32. fxe7+ Qxe7 33. Nf5 Qf6 34. Bh6+ Ke8 35. Bg7 1-0

[Event "Early-Titled-Tuesday-Blitz-July-09-2024"]
[Site "Chess.com"]
[Date "2024.07.09"]
[Round "5"]
[White "andy07670"]
[Black "HaryKane"]
[Result "0-1"]
[WhiteElo "2433"]
[BlackElo "2612"]
[TimeControl "180+1"]
[EndTime "8:57:07 PDT"]
[Termination "HaryKane won on time"]

1. e4 e6 2. d4 d5 3. Nd2 Nf6 4. e5 Nfd7 5. Bd3 c5 6. c3 Nc6 7.
Ngf3 Qb6 8. O-O cxd4 9. cxd4 g5 10. Nb3 g4 11. Ne1 h5 12. Be3 Bh6 13. f4 Ndxe5 14.
fxe5 Bxe3+ 15. Kh1 Nxd4 16. Nc2 Nxc2 17. Qxc2 Bd7 18.
Bg6 Rf8 19. Rxf7 Rxf7 20. Rf1 Rc8 21. Bxf7+ Kd8 22. Qg6 Kc7 23. Qxh5 g3 24. Qe2 Bb5 25. Qe1 Bxf1 26. Qxf1 Rh8 27. h3 Rf8 28. Qf6 Qb4 29. Qf1 Kb8 30. a3 Rxf7 0-1

[Event "Early-Titled-Tuesday-Blitz-July-09-2024"]
[Site "Chess.com"]
[Date "2024.07.09"]
[Round "5"]
[White "manitodeplomo"]
[Black "eightbyeightchess"]
[Result "0-1"]
[WhiteElo "2590"]
[BlackElo "2458"]
[TimeControl "180+1"]
[EndTime "8:57:08 PDT"]
[Termination "eightbyeightchess won by resignation"]

1. e4 d5 2. exd5 Nf6 3. d4 Bg4 4. f3 Bf5 5. Bb5+ Nbd7 6. c4 a6 7. Bxd7+ Qxd7 8. Ne2 e6 9. dxe6 fxe6 10. Nbc3 c5 11.
Be3 Qc7 12. Qa4+ Kf7 13. O-O-O Be7 14. g4 Bg6 15. h4 h5 16. g5 b5 17. cxb5 axb5 18. Qxb5 Rhb8 19. gxf6 Rxb5 20. Nxb5 Qa5 21. Nec3 cxd4 22. Bxd4 gxf6 23. Rhe1 Rc8 24. Kd2 e5 25. Be3 Qxb5 0-1

[Event "Early-Titled-Tuesday-Blitz-July-09-2024"]
[Site "Chess.com"]
[Date "2024.07.09"]
[Round "5"]
[White "TheoSlade"]
[Black "oykuince"]
[Result "0-1"]
[WhiteElo "2452"]
[BlackElo "2140"]
[TimeControl "180+1"]
[EndTime "8:57:08 PDT"]
[Termination "oykuince won by resignation"]

1. d4 d5 2. c4 e6 3. Nf3 a6 4.
Bg5 Be7 5. Bxe7 Nxe7 6. Nbd2 O-O 7. g3 dxc4 8. Nxc4 b5 9. Nce5 Bb7 10. Bg2 Nd7 11.
O-O Nxe5 12. Nxe5 Bxg2 13. Kxg2 Qd5+ 14. Nf3 Rfd8 15. Qc2 Rac8 16. Rfc1 Qb7 17. Qc5 Rd6 18. Rc3 Nf5 19. Rac1 h6 20. e3 a5 21. a3 g5 22. g4 Nh4+ 23. Kf1 Qxf3 24. Qxb5 Qg2+ 25. Ke1 Qg1+ 26. Ke2 Qxg4+ 27. Kf1 Nf3 28. Rxc7 Rxc7 29. Rxc7 Nxh2+ 30. Ke1 Qg1+ 31. Kd2 Qxf2+ 32. Kc3 Qxe3+ 33. Kc2 Qe4+ 34. Kc1 Qf4+ 35. Kc2 Rxd4 36. Qe8+ Kg7 37. Rc8 Rc4+ 38. Kb1 Qc1+ 39. Ka2 Rxc8 40. Qb5 Qc4+ 41. Qxc4 Rxc4 0-1

[Event "Early-Titled-Tuesday-Blitz-July-09-2024"]
[Site "Chess.com"]
[Date "2024.07.09"]
[Round "5"]
[White "Kildepiotr"]
[Black "zacachess"]
[Result "1-0"]
[WhiteElo "2692"]
[BlackElo "2477"]
[TimeControl "180+1"]
[EndTime "8:57:15 PDT"]
[Termination "Kildepiotr won on time"]

1. Nf3 Nf6 2. g3 g6 3. Bg2 Bg7 4. O-O O-O 5. d4 d6 6. Nbd2 Nc6 7. e4 e5 8. dxe5 dxe5 9. c3 Bg4 10. Qc2 Qc8 11. Nc4 Re8 12. b4 a6 13. a4 Bh3 14.
Bg5 Bxg2 15. Kxg2 b5 16. Ne3 Qb7 17. Bxf6 Bxf6 18. Nd5 Bg7 19. Nd2 Ne7 20. Nxe7+ Rxe7 21. Nb3 Ree8 22. Rfd1 Bf8 23. axb5 axb5 24. Na5 Qb6 25.
Rd7 c5 26. Qb3 Re7 27. Rxe7 Bxe7 28. Qd5 Ra7 29. Rd1 cxb4 30. Nc6 Rc7 31. Nxe5 Bf6 32. Nd7 Qc6 33. cxb4 Be7 34. Ne5 Qxd5 35. Rxd5 Rb7 36.
Nc6 Bf8 37. Nd4 f6 38. Rxb5 Kf7 39. Rxb7+ 1-0

[Event "Early-Titled-Tuesday-Blitz-July-09-2024"]
[Site "Chess.com"]
[Date "2024.07.09"]
[Round "5"]
[White "maracayo"]
[Black "Dmitry_Ponomarev"]
[Result "1-0"]
[WhiteElo "2426"]
[BlackElo "2521"]
[TimeControl "180+1"]
[EndTime "8:57:18 PDT"]
[Termination "maracayo won by resignation"]

1. e4 c5 2. Nf3 e6 3. d3 d5 4. Nbd2 Nc6 5. Be2 Nf6 6. O-O Be7 7. Re1 O-O 8. c3 Qc7 9. a3 b6 10. b4 Bb7 11. Bb2 Rac8 12. Bf1 Rfd8 13. Qb3 d4 14. cxd4 Nxd4 15. Nxd4 cxd4 16. Rac1 Qd7 17.
Nf3 Rxc1 18. Rxc1 Ba6 19. Ne5 Qe8 20. Nc6 Rd7 21. Bxd4 Bb5 22. Nxe7+ Qxe7 23. Bb2 h6 24. h3 e5 25. a4 Ba6 26. b5 Bb7 27. Ba3 Qd8 28. Qb2 Rd4 29. Bb4 Nh5 30. Bc3 Rxa4 31. Bxe5 Nf6 32. Rc7 Bc8 33. Qc2 Be6 34. Qxa4 1-0

[Event "Early-Titled-Tuesday-Blitz-July-09-2024"]
[Site "Chess.com"]
[Date "2024.07.09"]
[Round "5"]
[White "GMG"]
[Black "djano"]
[Result "0-1"]
[WhiteElo "2804"]
[BlackElo "2616"]
[TimeControl "180+1"]
[EndTime "8:57:24 PDT"]
[Termination "djano won on time"]

1. Nf3 g6 2. d4 Bg7 3. c4 Nf6 4. g3 O-O 5. Bg2 c6 6. O-O d5 7. Qb3 a5 8. cxd5 a4 9. Qd1 cxd5 10. Nc3 Qa5 11. Bd2 Qa6 12. Ne5 Nc6 13. Bf4 Be6 14. Nd3 b6 15. Ne5 Rfc8 16. Rc1 a3 17. bxa3 Na5 18. a4 Nc4 19. e3 Nd6 20. Qb3 Nfe4 21.
Nxd5 Nd2 22. Nxe7+ Kh8 23. Nxc8 Nxb3 24. Nxd6 Nxc1 25.
Rxc1 Rf8 26. Bc6 g5 27. Bxg5 f6 28. Bf4 fxe5 29. dxe5 Qa5 30. Bb5 Qd2 31. Rc7 Bd5 0-1

[Event "Early-Titled-Tuesday-Blitz-July-09-2024"]
[Site "Chess.com"]
[Date "2024.07.09"]
[Round "5"]
[White "sofaceindisguise"]
[Black "MVM2008"]
[Result "1-0"]
[WhiteElo "2764"]
[BlackElo "2526"]
[TimeControl "180+1"]
[EndTime "8:57:25 PDT"]
[Termination "sofaceindisguise won by checkmate"]

1. d4 Nf6 2. Nf3 b6 3. Bg5 Ne4 4. Bf4 Bb7 5. Nbd2 e6 6. e3 f5 7. Nxe4 Bxe4 8. Bd3 Bb7 9. O-O Be7 10. c4 O-O 11.
Rc1 d6 12. Bg3 Nd7 13. b4 a6 14. Re1 g5 15. h3 f4 16. exf4 gxf4 17. Bh2 e5 18. dxe5 Bxf3 19. Qxf3 Nxe5 20. Qd5+ Kh8 21. Bb1 Bg5 22. Rcd1 Qf6 23. c5 Rad8 24. cxd6 cxd6 25. Qe4 Rf7 26. f3 Bh4 27. Re2 Rg8 28. Kh1 Rgf8 29. Bg1 Bg3 30. Bd4 Re7 31. Bb2 Rfe8 32.
Red2 Rd8 33. Rd5 Bh4 34. Bxe5 Rxe5 35. Qxh7# 1-0

[Event "Early-Titled-Tuesday-Blitz-July-09-2024"]
[Site "Chess.com"]
[Date "2024.07.09"]
[Round "5"]
[White "GMT4114"]
[Black "Szachulec75"]
[Result "1-0"]
[WhiteElo "1945"]
[BlackElo "2232"]
[TimeControl "180+1"]
[EndTime "8:57:26 PDT"]
[Termination "GMT4114 won on time"]

1. e4 d6 2. d4 Nf6 3. Nc3 c6 4. Bc4 e6 5. Qe2 Be7 6. Nf3 b5 7. Bd3 b4 8. Nb1 O-O 9. O-O Nbd7 10. h3 e5 11. c3 a5 12. Be3 Re8 13. Nbd2 Bf8 14.
Rfd1 Rb8 15. Nf1 Qc7 16. Ng3 c5 17. dxe5 dxe5 18. Bc2 c4 19. Ba4 Rd8 20. Bg5 Nc5 21. Bc2 Rxd1+ 22. Rxd1 b3 23. axb3 cxb3 24. Bb1 Ba6 25. Qe3 Nfd7 26. Nf5 f6 27. Bh4 a4 28. g4 Bc4 29. g5 Rb6 30. Kh2 fxg5 31. Nxg5 Rg6 32.
Rg1 Nf6 33. Nf3 Nh5 34. Rxg6 hxg6 35. Ng3 Nf4 36. Bg5 Nce6 37. Bh4 1-0

[Event "Early-Titled-Tuesday-Blitz-July-09-2024"]
[Site "Chess.com"]
[Date "2024.07.09"]
[Round "5"]
[White "SahibSinghKnight"]
[Black "michaelskie11"]
[Result "1-0"]
[WhiteElo "2682"]
[BlackElo "2399"]
[TimeControl "180+1"]
[EndTime "8:57:28 PDT"]
[Termination "SahibSinghKnight won by resignation"]

1. e4 e6 2. d4 d5 3. Nc3 Bb4 4. e5 c5 5. a3 Bxc3+ 6. bxc3 Qa5 7. Bd2 Qa4 8. Qb1 c4 9. Qb4 Qxc2 10. Be2 Nc6 11.
Qb5 Ne7 12. Nf3 Qe4 13. Ng5 Qc2 14. Bd1 Qd3 15. Qb2 Qg6 16. h4 h6 17. h5 Qf5 18.
g4 Qd3 19. Be2 hxg5 20. Bxd3 cxd3 21. Bxg5 b6 22. Qb5 Bd7 23. Qxd3 Na5 24. f4 Rc8 25. Rh3 Nc4 26. Kf2 Ba4 27. Rah1 Bb5 28. Qb1 a6 29. a4 Bxa4 30. Qb4 Nc6 31. Qxa4 Ra8 32. Qxc6+ 1-0

[Event "Early-Titled-Tuesday-Blitz-July-09-2024"]
[Site "Chess.com"]
[Date "2024.07.09"]
[Round "5"]
[White "DFeco"]
[Black "luggevoila"]
[Result "0-1"]
[WhiteElo "2444"]
[BlackElo "2321"]
[TimeControl "180+1"]
[EndTime "8:57:28 PDT"]
[Termination "luggevoila won on time"]

1. c4 e5 2. g3 Nf6 3. Bg2 Bc5 4.
Nc3 O-O 5. e3 a6 6. d4 exd4 7.
exd4 Re8+ 8. Nge2 Bf8 9. O-O c6 10. h3 h6 11. Be3 d5 12. cxd5 cxd5 13. Qb3 Nc6 14. Nf4 Na5 15. Qc2 Nc4 16. Ncxd5 Nxd5 17. Qxc4 Nxe3 18. fxe3 Rxe3 19. Bd5 Rxg3+ 20. Kh2 Bd6 21. Bxf7+ Kh8 22. Be6 Qh4 23. Rae1 Bxf4 0-1

[Event "Early-Titled-Tuesday-Blitz-July-09-2024"]
[Site "Chess.com"]
[Date "2024.07.09"]
[Round "5"]
[White "edgarhay012"]
[Black "VaglioSagan"]
[Result "1-0"]
[WhiteElo "2710"]
[BlackElo "2506"]
[TimeControl "180+1"]
[EndTime "8:57:29 PDT"]
[Termination "edgarhay012 won on time"]

1. e4 c6 2. d4 d5 3. Nc3 dxe4 4. Nxe4 Nf6 5. Ng5 Bf5 6. N1f3 Nbd7 7. Bd3 Bxd3 8. Qxd3 e6 9. O-O Bd6 10. Bd2 O-O 11.
Rae1 Qc7 12. h3 Rad8 13. c3 e5 14. Qf5 h6 15. Ne4 Nxe4 16. Qxe4 exd4 17. Nxd4 Nf6 18. Qh4 Bh2+ 19. Kh1 c5 20. Bxh6 cxd4 21. Qg5 Nh5 22.
Qxh5 gxh6 23. Re4 f5 24. Re6 Bf4 25. Rfe1 Rd7 26. cxd4 Rg7 27. d5 Qf7 28. Qf3 Bg5 29. d6 Qd7 30. Qd5 Kh7 31. b3 Rf6 32. a4 Rgf7 33.
Re7 Rxe7 34. Rxe7+ Qxe7 35. dxe7 1-0

[Event "Early-Titled-Tuesday-Blitz-July-09-2024"]
[Site "Chess.com"]
[Date "2024.07.09"]
[Round "5"]
[White "ImportedItalianMaple"]
[Black "ValeriyGrinev"]
[Result "0-1"]
[WhiteElo "2476"]
[BlackElo "2658"]
[TimeControl "180+1"]
[EndTime "8:57:29 PDT"]
[Termination "ValeriyGrinev won on time"]

1. d4 d5 2. Nf3 Nf6 3. c4 dxc4 4. e3 e6 5. Bxc4 a6 6. O-O b5 7. Be2 Bb7 8. a4 b4 9. b3 Nbd7 10. Bb2 c5 11. Nbd2 Be7 12. Nc4 O-O 13. Nfe5 cxd4 14.
Bxd4 Nxe5 15. Nxe5 Nd5 16. Rc1 Bf6 17. Nc6 Bxc6 18. Rxc6 Nc3 19. Bxc3 bxc3 20. Bxa6 Qa5 21. Bd3 Rfd8 22. Qc2 g6 23. Rd1 Qb4 24. Rc4 Qb6 25. b4 Rac8 26. a5 Qa7 27. Rf4 Kg7 28. g3 Rd5 29. e4 Rd4 30. b5 Qxa5 31. Kg2 Be5 32. Rf3 Rcd8 33. Rb1 Rb4 34. Rxb4 Qxb4 35. Re3 Qb2 36.
Re2 h5 37. f4 Bd4 38. f5 e5 39. Re1 Ra8 40. Rb1 Qxc2+ 41. Bxc2 Ra2 42. f6+ Kh7 0-1

[Event "Early-Titled-Tuesday-Blitz-July-09-2024"]
[Site "Chess.com"]
[Date "2024.07.09"]
[Round "5"]
[White "Naruto75_3"]
[Black "orackbbama"]
[Result "1-0"]
[WhiteElo "2546"]
[BlackElo "2297"]
[TimeControl "180+1"]
[EndTime "8:57:29 PDT"]
[Termination "Naruto75_3 won on time"]

1. d4 Nf6 2. c4 g6 3. Nc3 d5 4. cxd5 Nxd5 5. e4 Nxc3 6. bxc3 Bg7 7. Be3 c5 8. Rc1 Qa5 9. Qd2 O-O 10. Nf3 Bg4 11. Be2 Bxf3 12. Bxf3 cxd4 13. cxd4 Qxd2+ 14. Kxd2 Rd8 15. e5 Nc6 16. Bxc6 bxc6 17. f4 Rac8 18.
Rc5 f6 19. Rhc1 fxe5 20. fxe5 Rb8 21. Rxc6 Bxe5 22. Kc3 Bxh2 23. Rc2 Bd6 24. d5 a5 25. Bb6 Rd7 26. Bxa5 Rb5 27. Bb6 Rxd5 28. Re2 Be5+ 29. Kc4 Bf6 30. Bc5 Rd3 31. Rc2 Kf7 32. a4 Rd2 33.
Rxd2 Rxd2 34. a5 Rxg2 35. a6 Ra2 36. a7 h5 37. Rc8 h4 38. a8=Q Rxa8 39. Rxa8 Ke6 40.
Kd3 Kf5 41. Ke2 g5 42. Kf3 g4+ 43. Kg2 h3+ 44. Kh1 Ke4 45. Ra4+ Kf3 46. Ra3+ Kf4 47.
Be3+ Kf3 48. Bd4+ Kf4 49. Bf2 e5 50. Bg3+ Kf5 51. Kh2 Bg5 52. Ra5 Bf4 53. Rb5 Ke4 54.
Rb4+ Kf3 55. Rb3+ Ke2 56. Kg1 1-0

[Event "Early-Titled-Tuesday-Blitz-July-09-2024"]
[Site "Chess.com"]
[Date "2024.07.09"]
[Round "5"]
[White "NowInChess"]
[Black "ljuks68"]
[Result "0-1"]
[WhiteElo "2202"]
[BlackElo "2406"]
[TimeControl "180+1"]
[EndTime "8:57:29 PDT"]
[Termination "ljuks68 won on time"]

1. e4 e6 2. d3 d5 3. Nd2 Nf6 4. Ngf3 c5 5. g3 Nc6 6. Bg2 Be7 7. O-O O-O 8. e5 Nd7 9. Re1 Qc7 10. Qe2 b5 11.
Nf1 Qb6 12. h4 c4 13. N1h2 cxd3 14. cxd3 b4 15. Bf4 b3 16. a3 Ba6 17. Rad1 Rfc8 18. Ng5 h6 19. Qh5 hxg5 20. hxg5 Nd4 21. Ng4 Nf5 22.
Bf3 Rc2 23. Kg2 Nf8 24. Rh1 f6 25. g6 Nxg6 26. Qxg6 Rf8 27. exf6 Bxf6 28. Nh6+ Nxh6 29. Rxh6 Qxf2+ 30. Kh3 Qxf3 31. Rg1 Bxd3 32. Qg4 Bf5 0-1

[Event "Early-Titled-Tuesday-Blitz-July-09-2024"]
[Site "Chess.com"]
[Date "2024.07.09"]
[Round "5"]
[White "Vaathi_Coming"]
[Black "Jospem"]
[Result "0-1"]
[WhiteElo "2914"]
[BlackElo "3117"]
[TimeControl "180+1"]
[EndTime "8:57:30 PDT"]
[Termination "Jospem won by resignation"]

1. Nf3 c5 2. c4 Nc6 3. Nc3 g6 4. d4 cxd4 5. Nxd4 Bg7 6. e3 Nf6 7. Be2 O-O 8. O-O d5 9. cxd5 Nxd5 10. Nxd5 Qxd5 11. Bf3 Qc5 12. Nxc6 bxc6 13. Qa4 Rb8 14. Rb1 Qb5 15. Qc2 Bf5 16. Be4 Bxe4 17. Qxe4 Qd5 18. Qa4 Qd3 19. Ra1 Rfd8 20. Qxa7 e6 21. h3 Be5 22. Qa4 Bh2+ 23. Kxh2 Qxf1 24. Qf4 e5 25. Qf6 Rd1 26. Qxe5 Rbd8 27. e4 Qg1+ 28. Kg3 Rxc1 0-1

[Event "Early-Titled-Tuesday-Blitz-July-09-2024"]
[Site "Chess.com"]
[Date "2024.07.09"]
[Round "5"]
[White "Likvidator228"]
[Black "Tol_Tol"]
[Result "1/2-1/2"]
[WhiteElo "2557"]
[BlackElo "2371"]
[TimeControl "180+1"]
[EndTime "8:57:32 PDT"]
[Termination "Game drawn by repetition"]

1. b3 e5 2. Bb2 d6 3. g3 Nf6 4. Bg2 g6 5. e3 Bg7 6. Ne2 O-O 7. O-O Nbd7 8. c4 a5 9. Nbc3 Re8 10. d4 e4 11. Qc2 Qe7 12. Nd5 Qd8 13. Nec3 Nxd5 14.
cxd5 f5 15. Nb5 c6 16. Nxd6 Rf8 17. dxc6 bxc6 18. Qc4+ Kh8 19. Nf7+ Rxf7 20. Qxf7 Nb6 21. Rfc1 Bd7 22. Ba3 Nd5 23. h4 Qc8 24. Qxd5 cxd5 25. Rxc8+ Rxc8 26. Rc1 Rxc1+ 27. Bxc1 a4 28. Kf1 axb3 29.
axb3 Kg8 30. Ke1 Bb5 31. Bf1 Bxf1 32. Kxf1 Kf7 33. Ke1 Ke6 34. Ba3 Kd7 35. Kd2 Kc6 36. Kc3 Kb5 37. Bd6 Bf6 38. Kd2 Bd8 39. Ke2 Ba5 40.
f3 Kc6 41. Bf8 Bc7 42. Kf2 Kb5 43. g4 h5 44. gxf5 gxf5 45. Be7 Bb8 46. Ke2 Bc7 47.
fxe4 fxe4 48. Kd2 Bg3 49. Ke2 Bc7 50. Kf2 Bb8 51. Ba3 Bc7 52. Bc5 Bb8 53. Be7 Bc7 54. Ke2 Bg3 55. Kd2 Bf2 56. Ke2 Bg3 57. Kf1 Bc7 58.
Kf2 Bb8 59. Ke2 Bg3 1/2-1/2

[Event "Early-Titled-Tuesday-Blitz-July-09-2024"]
[Site "Chess.com"]
[Date "2024.07.09"]
[Round "5"]
[White "Vladimir_Zakhartsov"]
[Black "aquarium76"]
[Result "1-0"]
[WhiteElo "2896"]
[BlackElo "3007"]
[TimeControl "180+1"]
[EndTime "8:57:33 PDT"]
[Termination "Vladimir_Zakhartsov won by resignation"]

1. e4 c5 2. Nf3 Nc6 3. d4 cxd4 4. Nxd4 e6 5. g3 a6 6. Bg2 Qc7 7. O-O b5 8. Nxc6 dxc6 9. e5 Bb7 10. Qe2 Ne7 11. Nc3 Nd5 12. a4 b4 13. Ne4 Qxe5 14.
c4 bxc3 15. bxc3 Be7 16. Rb1 Qc7 17. c4 Nf6 18. Bf4 e5 19. Bxe5 Qxe5 20. Nxf6+ Bxf6 21. Qxe5+ Bxe5 22. Rxb7 O-O 23. Bxc6 Rab8 24. Rfb1 Rxb7 25.
Rxb7 Bd4 26. Bd5 g5 27. Rc7 Kg7 28. c5 Kf6 29. c6 Ke5 30. Rxf7 Rxf7 31. Bxf7 Kd6 32.
Bc4 a5 33. Bb5 Be5 34. Kg2 Ke6 35. h3 h6 36. Kf3 Bc7 37. Kg4 Kf6 38. f4 gxf4 39.
gxf4 Bd6 40. Ba6 Bc7 41. Bc8 Bd6 42. Bd7 Bc7 43. f5 Bd6 44. Kf3 Ke5 45. Ke3 Bc7 46. Kd3 Kf6 47. Kc4 Ke5 48. Kb5 Bd8 49. Ka6 Kd6 50.
Kb7 1-0

[Event "Early-Titled-Tuesday-Blitz-July-09-2024"]
[Site "Chess.com"]
[Date "2024.07.09"]
[Round "5"]
[White "Lupul_Cenusiu"]
[Black "Barbix1"]
[Result "0-1"]
[WhiteElo "2680"]
[BlackElo "2375"]
[TimeControl "180+1"]
[EndTime "8:57:33 PDT"]
[Termination "Barbix1 won on time"]

1. e4 c5 2. Nc3 e6 3. f4 Nc6 4. Nf3 g6 5. Bb5 Bg7 6. Bxc6 dxc6 7. O-O Nf6 8. d3 O-O 9. Be3 b6 10. h3 a5 11. Ne5 Qc7 12. Qf3 Ba6 13. Rad1 Rad8 14. b3 Nd7 15. Nxd7 Rxd7 16. Na4 Bd4 17. f5 exf5 18. exf5 Qe5 19. Rde1 b5 20. fxg6 hxg6 21. Bf2 Qd6 22. Nb6 Rb7 23. Bxd4 Qxd4+ 24. Kh1 Rxb6 25.
Re8 Qd7 26. Rxf8+ Kxf8 27. Qf4 Kg8 0-1

[Event "Early-Titled-Tuesday-Blitz-July-09-2024"]
[Site "Chess.com"]
[Date "2024.07.09"]
[Round "5"]
[White "MaxLeto"]
[Black "Losingexperience"]
[Result "0-1"]
[WhiteElo "2502"]
[BlackElo "2726"]
[TimeControl "180+1"]
[EndTime "8:57:34 PDT"]
[Termination "Losingexperience won on time"]

1. g4 d5 2. Bg2 e5 3. d4 e4 4. c4 c6 5. Nc3 Bxg4 6. Qb3 Nf6 7. Qxb7 Nbd7 8. h3 Be6 9. Bf4 Rc8 10. c5 Be7 11.
Qxa7 O-O 12. e3 Nh5 13. Bh2 Bh4 14. Nge2 Qg5 15. Kf1 Qf5 16. Nd1 Qg6 17. a4 f5 18.
a5 f4 19. Nxf4 Nxf4 20. Bxf4 Rxf4 21. exf4 Rf8 22. Qc7 e3 23. fxe3 Nf6 24. a6 Qg3 25. Ke2 Qxg2+ 26. Kd3 Ne4 0-1

[Event "Early-Titled-Tuesday-Blitz-July-09-2024"]
[Site "Chess.com"]
[Date "2024.07.09"]
[Round "5"]
[White "Gyulamiryan-koryun"]
[Black "kuzol"]
[Result "0-1"]
[WhiteElo "1880"]
[BlackElo "2511"]
[TimeControl "180+1"]
[EndTime "8:57:35 PDT"]
[Termination "kuzol won on time"]

1. d4 Nf6 2. c4 e6 3. Nc3 d5 4.
Nf3 Be7 5. Bg5 Ne4 6. Bxe7 Qxe7 7. e3 c6 8. Bd3 f5 9. O-O O-O 10. Ne5 Nd7 11. f4 Nxe5 12. fxe5 Qg5 13. Qe2 Bd7 14. Rf4 Qh6 15. Raf1 g5 16. R4f3 g4 17. Rf4 Ng5 18.
cxd5 cxd5 19. Bb5 Bxb5 20. Qxb5 Qg7 21. Nxd5 exd5 22. Qxd5+ Kh8 23. Rxf5 Nf3+ 24. R5xf3 gxf3 25. Rxf3 Rxf3 26. Qxf3 Rf8 27. Qe4 Qg6 28. Qxg6 hxg6 29. g4 g5 30. Kg2 Kg7 31. Kg3 Kg6 32. d5 Re8 33. e6 Kf6 34. e4 Ke5 35. Kf3 Rf8+ 36.
Ke3 Rf4 37. e7 Rxe4+ 38. Kd3 Kxd5 0-1

[Event "Early-Titled-Tuesday-Blitz-July-09-2024"]
[Site "Chess.com"]
[Date "2024.07.09"]
[Round "5"]
[White "elis06"]
[Black "Sic_Transit_GM"]
[Result "0-1"]
[WhiteElo "2414"]
[BlackElo "2592"]
[TimeControl "180+1"]
[EndTime "8:57:35 PDT"]
[Termination "Sic_Transit_GM won by checkmate"]

1. d4 d5 2. c4 dxc4 3. Nf3 Nf6 4. e3 Bg4 5. Bxc4 e6 6. Nc3 a6 7. h3 Bh5 8. g4 Bg6 9. Ne5 Bd6 10. Bd2 Nbd7 11. Nxg6 hxg6 12. Qe2 e5 13. O-O-O b5 14.
Bb3 O-O 15. Kb1 c5 16. dxc5 Nxc5 17. Bc2 b4 18. Na4 b3 19. axb3 Nxa4 20. bxa4 Qb6 21. Bc3 Rfc8 22. Qd2 Ba3 23. Ka2 Rab8 24. Kxa3 Ne4 25.
Qc1 Nxc3 26. bxc3 Rxc3+ 27. Ka2 Qe6+ 28. Ka1 Qc4 29. Rd2 Qb4 30. Rhd1 Ra3+ 31. Qxa3 Qxa3# 0-1

[Event "Early-Titled-Tuesday-Blitz-July-09-2024"]
[Site "Chess.com"]
[Date "2024.07.09"]
[Round "5"]
[White "FM_Kappeler"]
[Black "MarijaKuznecova"]
[Result "0-1"]
[WhiteElo "2266"]
[BlackElo "2425"]
[TimeControl "180+1"]
[EndTime "8:57:35 PDT"]
[Termination "MarijaKuznecova won by resignation"]

1. d4 Nf6 2. c4 c5 3. d5 b5 4. cxb5 a6 5. f3 axb5 6. e4 d6 7. Bxb5+ Nbd7 8. Ne2 g6 9. O-O Bg7 10. a4 O-O 11. Nec3 Ba6 12. Na3 Nb6 13. Rb1 Bxb5 14. Naxb5 Nfd7 15. Be3 Ne5 16. b3 Qd7 17. Qc2 Rfc8 18.
h3 Qb7 19. f4 Ned7 20. Kh1 c4 21.
b4 Nxa4 22. Nxd6 exd6 23. Nxa4 Qa6 24. Nc3 Qa3 25. Nb5 Qxe3 26. Nxd6 Rc7 27. e5 Bf8 28. Nxf7 Kxf7 29. e6+ Kg8 30. exd7 Rxd7 31. Qxc4 Bd6 32.
Rbe1 Qg3 33. Re6 Rf8 34. Qc6 Rfd8 35. Re8+ Kg7 36. Rxd8 Rxd8 37. Qc4 Rf8 38. Qc6 Bxf4 39. Qc3+ Qxc3 0-1

[Event "Early-Titled-Tuesday-Blitz-July-09-2024"]
[Site "Chess.com"]
[Date "2024.07.09"]
[Round "5"]
[White "noblerone"]
[Black "mapleaff"]
[Result "0-1"]
[WhiteElo "2509"]
[BlackElo "2357"]
[TimeControl "180+1"]
[EndTime "8:57:36 PDT"]
[Termination "mapleaff won on time"]

1. d4 Nf6 2. Nf3 d5 3. Bg5 Ne4 4. Bf4 c5 5. e3 Qb6 6. Nc3 e6 7. Bxb8 Rxb8 8. Bb5+ Kd8 9. Bd3 Qxb2 10. Nxe4 dxe4 11.
Bxe4 Qc3+ 12. Ke2 f5 13. dxc5+ Kc7 14. Bd3 Bxc5 15. Rb1 Rd8 16. Rb3 Qf6 17. Qb1 b6 18. Rd1 e5 19. e4 g5 20. Kf1 g4 21. Nd2 Qh4 22. g3 Qxh2 0-1